Map: Acid Plant LE

Players

Optimus

  • Race: Terran Terran
  • League: Master
  • Spawn Location: 5:00

LiquidTLO (TLO) - Winner!

  • Race: Zerg Zerg
  • League: Grandmaster
  • Spawn Location: 11:00

Event: HomeStory Cup XVII

VOD

Have the link to the VOD?

Description

Time

  • Played on: June 28, 2018, 6:20 p.m.
  • Length: 20:50

All games in this series

Show
View Real Time Build Order
Export as new Build Order

Optimus Terran 

Build Orders: Reaper Expand, MMM Bio 

Get SALT Encoding   

  12  0:00  SCV  
  13  0:13  SCV  
  14  0:17  Supply Depot  
  14  0:25  SCV  
  15  0:38  SCV  
  15  0:39  Barracks  
  16  0:45  Refinery  
  16  0:50  SCV  
  17  1:02  SCV  
  18  1:15  SCV  
  19  1:27  Orbital Command, Reaper  
  20  1:39  Command Center  
  20  1:46  Supply Depot  
  20  1:53  SCV  
  21  1:58  Marine  
  22  2:04  Factory  
  22  2:11  SCV  
  22  2:12  Refinery  
  23  2:22  Barracks Reactor  
  23  2:27  SCV  
  24  2:46  SCV  
  25  2:51  Starport  
  25  2:54  Hellion  
  27  2:58  SCV  
  27  2:59  Orbital Command  
  27  3:00  Marine x2  
  30  3:10  SCV  
  31  3:16  Cyclone  
  31  3:18  Marine x2  
  36  3:23  SCV  
  36  3:25  SCV  
  36  3:26  Supply Depot  
  38  3:30  Medivac  
  40  3:35  SCV  
  40  3:37  SCV  
  42  3:42  Barracks Tech Lab  
  42  3:47  SCV  
  43  3:49  SCV  
  43  3:53  Supply Depot  
  44  3:56  Hellion x2  
  44  3:59  SCV  
  44  4:01  SCV  
  50  4:11  Raven, Supply Depot, SCV  
  50  4:13  SCV  
  54  4:19  Hellion x2  
  54  4:23  SCV  
  56  4:26  SCV  
  56  4:35  SCV  
  56  4:38  SCV  
  53  4:40  Hellion x2  
  53  4:42  Orbital Command  
  53  4:47  SCV  
  52  4:53  Supply Depot  
  52  4:54  Raven  
  52  4:59  SCV  
  55  5:01  Hellion  
  55  5:11  Supply Depot  
  55  5:12  SCV x2  
  54  5:22  Hellion  
  54  5:23  Hellion  
  54  5:26  Armory, SCV  
  54  5:27  SCV  
  53  5:38  SCV  
  53  5:39  SCV  
  55  5:46  Hellion  
  55  5:48  Starport Reactor, Hellion  
  59  5:52  SCV x2  
  59  5:55  Barracks Tech Lab  
  61  6:04  SCV x2  
  61  6:07  Supply Depot  
  61  6:10  Hellion  
  61  6:11  Stimpack, Marine, Hellion  
  68  6:16  SCV x2  
  68  6:28  SCV  
  68  6:29  SCV  
  68  6:30  Marine  
  68  6:41  SCV x2  
  68  6:42  Command Center  
  68  6:46  Barracks  
  70  6:47  Barracks  
  70  6:51  Supply Depot, Factory Tech Lab  
  70  6:53  Supply Depot, SCV  
  71  6:59  Hellion x3  
  71  7:01  SCV  
  71  7:06  SCV  
  71  7:07  Marine  
  66  7:13  SCV  
  59  7:18  Siege Tank, SCV  
  59  7:21  Refinery x2  
  59  7:22  Engineering Bay x2  
  59  7:24  Starport Reactor  
  59  7:25  SCV, Marine  
  57  7:30  SCV  
  57  7:33  Marine x2  
  57  7:34  Marine  
  57  7:35  Marine  
  62  7:37  SCV  
  62  7:41  Barracks  
  62  7:42  SCV, Marine  
  62  7:43  Barracks  
  65  7:50  Terran Infantry Weapons Level 1, SCV, Terran Infantry Armor Level 1  
  66  7:51  Marine x2  
  66  7:54  Orbital Command, SCV  
  69  7:58  Marine  
  69  7:59  Marine  
  69  8:00  Siege Tank, Marine  
  69  8:02  SCV  
  69  8:05  Medivac  
  78  8:07  Medivac  
  78  8:09  Marine x2  
  82  8:13  Combat Shield  
  82  8:16  Orbital Command, Marine  
  82  8:18  SCV x2  
  85  8:25  Marine x2  
  87  8:28  Supply Depot  
  87  8:30  SCV x2, Marine x2  
  87  8:31  Barracks Reactor  
  87  8:32  Siege Tank, Barracks Reactor  
  94  8:39  Medivac  
  96  8:41  Medivac  
  96  8:42  SCV x2  
  96  8:46  SCV  
  96  8:48  Marine x4  
  103  8:54  SCV  
  103  8:55  SCV  
  107  8:56  Marine  
  107  9:02  Refinery  
  107  9:03  Factory  
  107  9:05  Refinery, Marine  
  107  9:06  SCV x2, Marine x3  
  113  9:11  Siege Tank  
  113  9:13  Marine  
  116  9:18  Marine x4  
  116  9:23  Marine x2, Medivac  
  116  9:24  Medivac  
  125  9:27  Marine  
  125  9:29  Marine  
  120  9:31  Marine  
  120  9:32  Concussive Shells  
  120  9:35  Marine  
  120  9:36  Marine x3  
  120  9:38  Missile Turret x2  
  116  9:39  Missile Turret  
  116  9:41  Missile Turret x2, Marine x2  
  116  9:42  Missile Turret  
  118  9:47  Factory Tech Lab  
  118  9:49  Thor  
  124  9:54  Marine  
  124  9:59  Supply Depot  
  125  10:03  Supply Depot  
  125  10:04  Supply Depot  
  125  10:11  Terran Infantry Armor Level 2, Terran Infantry Weapons Level 2  
  125  10:18  Supply Depot x2  
  125  10:20  Siege Tank, Marine x5  
  133  10:25  Missile Turret  
  133  10:26  Terran Vehicle Weapons Level 1  
  133  10:27  Supply Depot  
  89  10:28  Medivac  
  133  10:29  Medivac  
  133  10:34  Siege Tank  
  140  10:37  Marine x4  
  140  10:38  Marine x2  
  140  10:39  Marine  
  147  10:51  Marine  
  147  10:52  Marine  
  147  10:53  Liberator x2  
  152  10:57  Marine x3  
  152  10:58  Marine x4  
  152  11:00  Supply Depot  
  152  11:02  Supply Depot  
  159  11:06  Siege Tank  
  159  11:09  Marine x2  
  170  11:13  Siege Tank  
  170  11:16  Supply Depot  
  170  11:28  Command Center  
  170  11:32  Marine x3  
  171  11:36  Liberator  
  171  11:38  Siege Tank  
  176  11:45  Siege Tank  
  182  11:58  Marine  
  182  11:59  Marine x3  
  186  12:09  Marine x5  
  186  12:10  Siege Tank  
  194  12:16  Marine x2  
  194  12:17  Marine x2  
  198  12:26  Marine  
  198  12:27  Marine x3  
  195  12:30  Terran Infantry Armor Level 3, Terran Infantry Weapons Level 3  
  195  12:33  Liberator x2  
  190  12:38  Marine x5  
  190  12:42  Siege Tank  
  192  12:44  Marine x2  
  192  12:46  Barracks x2, Marine x2  
  186  12:56  Marine x2  
  187  13:03  Marine  
  187  13:04  Marine  
  167  13:07  Siege Tank, Marine  
  167  13:08  Marine x4  
  170  13:14  Marine x2  
  170  13:16  Liberator x2  
  170  13:17  SCV x2  
  174  13:21  Marine  
  181  13:38  Planetary Fortress  
  179  13:43  Barracks  
  179  13:44  Ghost Academy  
  179  13:46  Siege Tank, Barracks  
  182  13:53  Siege Tank  
  133  14:15  Marine x9  
  134  14:18  Siege Tank, Liberator  
  134  14:23  Liberator  
  134  14:24  SCV x2  
  137  14:25  Personal Cloaking, Siege Tank  
  137  14:33  Barracks Tech Lab x2  
  137  14:47  Marine x7  
  137  14:50  Siege Tank  
  149  14:57  Siege Tank  
  149  14:59  Ghost x3  
  152  15:06  Refinery  
  156  15:07  Refinery  
  156  15:08  Marine  
  156  15:09  Marine x5  
  162  15:18  Medivac  
  157  15:23  Medivac  
  157  15:25  Command Center  
  159  15:31  Siege Tank, Ghost  
  164  15:47  Ghost  
  164  15:48  Ghost  
  156  15:55  Marine  
  156  15:56  Marine x5  
  156  16:00  Medivac x2, Ghost  
  162  16:12  Sensor Tower  
  162  16:13  Marine  
  162  16:16  Ghost  
  163  16:22  Ghost  
  163  16:23  Marine x3  
  168  16:27  Barracks Tech Lab  
  168  16:29  Barracks Tech Lab, Marine  
  168  16:31  Marine  
  170  16:34  Sensor Tower  
  170  16:45  Ghost x2  
  171  16:53  Medivac x2  
  175  17:06  Ghost  
  177  17:13  Marine x6  
  177  17:14  Marine x2  
  184  17:18  Missile Turret  
  184  17:24  Planetary Fortress  
  184  17:26  Refinery  
  184  17:28  Refinery  
  184  17:31  Marine x2  
  184  17:34  Marine x7  
  184  17:35  Siege Tank  
  186  17:48  Liberator  
  186  17:49  Marine x2  
  187  17:52  Liberator, Marine x3  
  187  17:56  Ghost x2  
  187  17:57  Marine, Ghost  
  182  18:01  Refinery  
  182  18:02  Command Center  
  185  18:07  Marine x2  
  190  18:17  Ghost  
  190  18:18  Ghost  
  194  18:22  Nuke  
  194  18:29  Ghost Academy  
  194  18:32  Ghost Academy, Marine  
  194  18:33  Marine x2  
  197  18:51  Ghost  
  199  19:02  Nuke x2  
  199  19:23  Nuke  
  198  19:46  Unknown  
  198  19:47  Unknown  
  192  19:59  Command Center  
  175  20:01  Siege Tank x2, Command Center  
  175  20:02  Nuke  
  175  20:03  Ghost x3  
  175  20:05  Marine x6  
  155  20:23  Unknown, Marine x2  
  155  20:24  Unknown x3, Marine  
Show
View Real Time Build Order
Export as new Build Order

LiquidTLO Zerg - Winner!

Build Orders: Pool First, Muta Ling Bane, Zergling Baneling 

Get SALT Encoding   

  12  0:00  Drone  
  13  0:08  Drone  
  14  0:17  Overlord  
  14  0:35  Drone x2  
  16  0:41  Spawning Pool  
  15  0:44  Drone  
  15  0:48  Drone  
  17  1:09  Hatchery  
  16  1:13  Drone  
  16  1:17  Drone  
  18  1:19  Extractor  
  17  1:28  Zergling x2  
  17  1:29  Zergling x2  
  19  1:33  Queen  
  21  1:41  Overlord  
  21  1:54  Drone  
  22  2:04  Drone  
  23  2:09  Queen  
  23  2:14  Drone  
  26  2:20  Metabolic Boost  
  26  2:22  Queen  
  25  2:25  Drone  
  28  2:31  Drone  
  29  2:37  Drone  
  29  2:43  Overlord, Drone  
  30  2:45  Drone  
  30  2:47  Drone  
  30  2:49  Drone  
  33  2:52  Drone  
  33  2:57  Overlord  
  34  3:01  Drone  
  34  3:04  Drone  
  36  3:13  Drone  
  36  3:15  Zergling x2  
  38  3:20  Hatchery  
  38  3:23  Zergling x2  
  38  3:25  Zergling x2  
  38  3:26  Drone  
  40  3:31  Baneling Nest  
  40  3:32  Zergling x2  
  40  3:36  Zergling x2  
  40  3:37  Zergling x2  
  40  3:38  Zergling x2  
  40  3:40  Zergling x2  
  44  3:42  Zergling x2  
  44  3:47  Zergling x2  
  46  3:50  Zergling x4  
  46  3:51  Zergling x2  
  46  3:53  Zergling x2  
  50  3:56  Zergling x2  
  51  4:03  Overlord  
  51  4:06  Zergling x2  
  50  4:13  Zergling x2  
  51  4:17  Extractor  
  51  4:18  Zergling x2  
  51  4:21  Zergling x2  
  51  4:23  Zergling x6  
  55  4:26  Baneling x2  
  55  4:28  Baneling  
  55  4:31  Drone  
  55  4:32  Drone x2  
  55  4:35  Drone, Zergling x2  
  55  4:37  Queen  
  57  4:42  Zergling x2  
  57  4:43  Zergling x2  
  57  4:44  Zergling x2  
  57  4:50  Baneling x5  
  57  4:54  Zergling x2, Drone  
  57  4:55  Drone  
  57  4:57  Drone  
  57  4:59  Drone  
  62  5:01  Drone  
  62  5:03  Drone  
  62  5:04  Drone  
  62  5:06  Drone  
  58  5:07  Drone  
  58  5:21  Queen x2  
  58  5:23  Drone  
  58  5:24  Drone  
  58  5:25  Drone  
  63  5:30  Drone  
  63  5:31  Drone x2  
  63  5:32  Drone  
  65  5:40  Drone  
  65  5:41  Drone x2  
  65  5:45  Zergling x4  
  65  5:48  Zergling x2  
  66  5:57  Lair  
  66  6:00  Overlord  
  66  6:02  Overlord  
  66  6:08  Overlord  
  66  6:09  Extractor  
  65  6:14  Drone  
  65  6:17  Overlord  
  65  6:18  Queen  
  65  6:20  Drone x5  
  65  6:22  Drone  
  65  6:23  Drone  
  71  6:26  Zergling x4, Queen  
  71  6:28  Zergling x2  
  74  6:34  Zergling x2  
  74  6:37  Zergling x2  
  74  6:38  Zergling x4  
  74  6:43  Zergling x4  
  75  6:49  Zergling x2  
  75  6:51  Baneling x3  
  75  6:52  Evolution Chamber  
  75  6:54  Zergling x2, Queen  
  74  6:55  Evolution Chamber  
  74  6:56  Zergling x2  
  74  7:00  Zergling x4  
  75  7:03  Zergling x2  
  71  7:08  Drone  
  71  7:10  Overlord  
  71  7:12  Drone  
  71  7:13  Drone  
  71  7:14  Drone  
  71  7:16  Drone  
  71  7:17  Drone  
  73  7:27  Overseer, Drone  
  73  7:28  Spire  
  73  7:29  Drone x2  
  75  7:34  Extractor  
  75  7:35  Extractor  
  75  7:36  Drone  
  74  7:37  Drone x3  
  74  7:39  Drone  
  74  7:42  Extractor  
  74  7:43  Drone x2  
  79  7:47  Drone  
  79  7:48  Drone  
  79  7:49  Drone x2  
  79  7:50  Drone  
  83  7:53  Drone  
  83  7:54  Drone  
  83  7:57  Zerg Ground Armor Level 1, Zerg Melee Weapons Level 1  
  85  7:59  Zergling x2  
  85  8:01  Zergling x2  
  85  8:02  Zergling x2  
  85  8:05  Overlord, Drone  
  89  8:07  Drone  
  90  8:13  Overlord  
  90  8:16  Centrifical Hooks  
  90  8:17  Overlord  
  90  8:18  Zergling x2  
  90  8:19  Zergling x4  
  93  8:22  Zergling x2  
  93  8:24  Zergling x2  
  93  8:26  Zergling x4  
  97  8:27  Zergling x2  
  97  8:28  Zergling x4  
  97  8:33  Zergling x2, Drone  
  102  8:37  Hatchery  
  102  8:38  Zergling x2  
  102  8:40  Baneling  
  102  8:41  Baneling x3, Zergling x2  
  102  8:44  Zerg Flyer Weapons Level 1  
  102  8:45  Mutalisk  
  102  8:48  Mutalisk  
  105  8:50  Mutalisk  
  105  8:54  Mutalisk  
  110  8:56  Mutalisk  
  110  8:57  Mutalisk  
  110  9:00  Mutalisk  
  114  9:06  Mutalisk  
  114  9:07  Zergling x2  
  114  9:08  Zergling x2  
  114  9:09  Zergling x2  
  117  9:10  Zergling x2  
  117  9:13  Zergling x2  
  117  9:25  Overlord x2  
  117  9:31  Overlord x3  
  117  9:35  Infestation Pit  
  117  9:37  Overlord  
  116  9:40  Overlord x2  
  116  9:48  Drone x4  
  116  9:49  Drone x7  
  116  9:50  Drone x2  
  129  9:58  Zergling x6  
  129  9:59  Zergling x4, Queen  
  138  10:02  Zergling x4  
  138  10:05  Queen  
  142  10:09  Zergling x2  
  142  10:10  Zergling x2  
  142  10:11  Baneling x2, Zergling x2  
  142  10:12  Zergling x2  
  144  10:14  Hive, Zerg Melee Weapons Level 2  
  144  10:19  Extractor x2, Zergling x2  
  144  10:20  Zergling x4  
  144  10:21  Zergling x2  
  146  10:22  Zergling x2  
  146  10:23  Baneling x2  
  146  10:24  Zergling x2  
  146  10:25  Zergling x4  
  150  10:34  Overlord  
  150  10:36  Infestor x2  
  150  10:38  Zergling x10  
  150  10:41  Pneumatized Carapace  
  158  10:48  Infestor x3  
  158  10:49  Zergling x2  
  165  10:52  Zergling x4  
  165  10:53  Zergling x4  
  165  10:54  Zergling x2  
  165  10:56  Baneling x3  
  170  10:57  Hatchery  
  170  11:00  Zergling x2  
  170  11:02  Spore Crawler, Zergling x2  
  170  11:07  Zergling x2  
  170  11:09  Drone x4  
  175  11:12  Zergling x2  
  175  11:14  Burrow  
  175  11:15  Zergling x2  
  175  11:16  Zergling x2  
  178  11:24  Zerg Ground Armor Level 2  
  178  11:27  Ultralisk Cavern  
  178  11:28  Zergling x2  
  178  11:31  Hydralisk Den  
  178  11:32  Zergling x2, Evolution Chamber  
  176  11:33  Zergling x2  
  176  11:35  Zergling x2  
  176  11:39  Zergling x4  
  180  11:40  Baneling x2  
  180  11:41  Overlord, Zergling x4  
  182  11:48  Overlord  
  182  11:54  Overlord  
  182  11:56  Hatchery  
  182  11:58  Overlord  
  182  12:00  Muscular Augments  
  181  12:01  Zerg Missile Weapons Level 1  
  181  12:06  Baneling  
  181  12:13  Ultralisk  
  181  12:15  Ultralisk x2  
  194  12:16  Chitinous Plating  
  194  12:22  Ultralisk  
  196  12:29  Overlord  
  195  12:35  Ultralisk  
  189  12:39  Ultralisk  
  189  12:40  Zergling x4  
  189  12:46  Zergling x16  
  172  12:53  Ultralisk  
  174  13:03  Zergling x4  
  152  13:07  Zergling x2  
  152  13:09  Zergling x2  
  152  13:10  Zergling x2  
  152  13:11  Ultralisk  
  152  13:12  Zergling x2, Ultralisk  
  142  13:13  Zergling x2  
  142  13:19  Ultralisk  
  147  13:23  Zergling x2  
  147  13:26  Baneling x6  
  147  13:29  Drone x2  
  146  13:36  Ultralisk  
  146  13:38  Zergling x2  
  146  13:39  Corruptor  
  144  13:48  Zergling x4  
  140  13:49  Zergling x4  
  140  13:51  Zergling x4  
  140  13:52  Zergling x2  
  140  13:53  Zergling x6  
  140  13:55  Zergling x2  
  135  14:00  Zergling x2, Ultralisk  
  134  14:03  Zergling x2  
  134  14:08  Zergling x6  
  134  14:09  Zergling x4  
  127  14:11  Zergling x4  
  127  14:13  Drone x2  
  127  14:16  Zergling x4  
  131  14:22  Drone  
  131  14:23  Corruptor x2, Drone  
  120  14:25  Drone  
  120  14:26  Drone  
  120  14:27  Zergling x2  
  122  14:32  Zergling x4  
  122  14:35  Corruptor, Drone x2  
  122  14:36  Drone  
  128  14:38  Zergling x2  
  128  14:39  Zergling x2  
  128  14:40  Zergling x2  
  128  14:41  Zergling x2  
  131  14:48  Zerg Ground Armor Level 3  
  131  14:53  Zerg Melee Weapons Level 3  
  131  14:56  Viper  
  133  15:10  Zergling x2  
  134  15:16  Zerg Missile Weapons Level 2  
  134  15:17  Hydralisk x6, Grooved Spines  
  134  15:19  Hydralisk  
  134  15:20  Hydralisk  
  150  15:23  Hydralisk  
  150  15:25  Zergling x4  
  150  15:26  Zergling x4  
  150  15:27  Baneling  
  156  15:39  Ultralisk  
  156  15:40  Ultralisk  
  168  15:47  Hydralisk  
  170  15:51  Zergling x4  
  170  15:52  Zergling x2  
  170  15:54  Queen x2  
  170  15:55  Zergling x2  
  170  15:56  Zergling x2  
  179  15:57  Zergling x2  
  179  16:00  Zergling x2  
  179  16:02  Baneling x5  
  181  16:08  Corruptor x2, Hatchery  
  184  16:16  Hydralisk  
  186  16:20  Viper  
  186  16:22  Overlord  
  186  16:25  Zergling x4  
  191  16:29  Zergling x6  
  191  16:30  Zergling x8  
  198  16:45  Zergling x4  
  191  16:53  Baneling, Hydralisk x4  
  191  16:54  Overseer x2  
  199  16:55  Overseer  
  199  16:59  Baneling x4  
  199  17:00  Baneling x4  
  199  17:20  Extractor x2  
  197  17:23  Spore Crawler  
  197  17:26  Baneling  
  197  17:27  Baneling x8  
  196  17:32  Hydralisk  
  196  17:33  Hydralisk  
  200  17:46  Hatchery  
  185  17:57  Overseer  
  176  17:58  Overlord x3  
  176  17:59  Overlord x3  
  176  18:01  Baneling x8  
  176  18:03  Greater Spire  
  176  18:05  Overlord  
  176  18:10  Overlord  
  176  18:13  Overlord  
  176  18:16  Overlord  
  176  18:20  Overlord, Corruptor x6  
  176  18:23  Zergling x2  
  176  18:25  Zergling x2  
  190  18:51  Overseer  
  190  18:59  Spore Crawler  
  190  19:00  Spore Crawler x3  
  190  19:01  Spore Crawler x4  
  190  19:02  Spore Crawler x2  
  180  19:16  Brood Lord x3  
  180  19:17  Brood Lord x7  
  200  19:22  Overseer x2  
  200  19:35  Overseer x3  
  200  19:36  Overseer  
  200  19:38  Overlord  
  199  19:41  Zergling x2  
  199  19:43  Spore Crawler x2  
  199  19:44  Zergling x2  
  189  19:53  Zergling x20  
  189  19:57  Zergling x2  
  189  19:59  Zergling x2  
  198  20:04  Zergling x2  
  198  20:05  Zergling x14  
  196  20:07  Hydralisk  
  196  20:09  Zergling x4  
  196  20:10  Zergling x2  
  191  20:16  Zergling x2  
  191  20:19  Zergling x2  
  191  20:20  Zergling x2  
  191  20:21  Zergling x2  
  182  20:22  Zergling x2  
  182  20:25  Zergling x2  
  182  20:26  Zergling x2  
  182  20:27  Zergling x4  
  165  20:31  Zergling x2  
  165  20:35  Baneling x4  
  167  20:36  Baneling  
Tags
 
Add a new tag
Caveats
  • Supply blocks, unpowered buildings, or Contaminate may cause inaccurate times.
  • Supply counts are checked every 10 seconds.